 Dungeon Crawl Stone Soup version 0.28.0-45-g0d030f2227 (webtiles) character file.

Game seed: 4488606195814283360

109 gohu the Chopper (level 4, -1/40 HPs)
             Began as a Minotaur Fighter on May 1, 2022.
             Slain by an orc
             ... wielding a +0 flail
              (4 damage)
             ... on level 3 of the Dungeon.
             The game lasted 00:02:58 (1614 turns).

gohu the Chopper (Minotaur Fighter)                 Turns: 1614, Time: 00:02:59

Health: -1/40      AC:  7    Str: 22    XL:     4   Next: 59%
Magic:  3/3        EV:  9    Int:  5    God:
Gold:   35         SH:  4    Dex: 10    Spells: 3/3 levels left

rFire   . . .      SeeInvis .   a - +0 war axe
rCold   . . .      Faith    .   c - +0 buckler
rNeg    . . .      Spirit   .   b - +0 scale mail
rPois   .          Reflect  .   (helmet restricted)
rElec   .          Harm     .   (no cloak)
rCorr   .          Rampage  .   (no gloves)
Will    .....                   (no boots)
Stlth   ..........              (no amulet)
HPRegen 0.13/turn               (no ring)
MPRegen 0.08/turn               (no ring)

@: weak-willed
A: horns 2, retaliatory headbutt
a: no special abilities


You were on level 3 of the Dungeon.
You visited 1 branch of the dungeon, and saw 3 of its levels.

You collected 35 gold pieces.

Inventory:

Hand Weapons
 a - a +0 war axe (weapon)
Armour
 b - a +0 scale mail (worn)
 c - a +0 buckler (worn)
Potions
 d - a potion of might
 f - a potion of curing
 h - a potion of invisibility {unknown}
 i - a potion of flight {unknown}
 m - a potion of attraction {unknown}
 n - a potion of brilliance {unknown}


   Skills:
 + Level 4.1 Fighting
 * Level 4.9 Axes
 + Level 4.3 Armour
 - Level 3.7 Shields


You had 3 spell levels left.
You didn't know any spells.
Your spell library was empty.

Dungeon Overview and Level Annotations

Branches:
Dungeon (3/15)

Altars:

Shops:
D:1 [


Innate Abilities, Weirdness & Mutations

You have a pair of horns on your head.
You reflexively headbutt those who attack you in melee.


Message History

Found 19 gold pieces.
There is a stone staircase leading up here.
As you read the scroll labelled QOUCLI SURYRY, it crumbles to dust.
It is a scroll of identify.
f - a potion of curing
As you read the scroll labelled DINUTEU ULUW, it crumbles to dust.
Magic quickly surges around you.
It was a scroll of vulnerability.
As you read the scroll labelled OTWISE BISINT, it crumbles to dust.
The scroll dissolves into smoke.
It was a scroll of fog.
As you read the scroll labelled HAXADE KESU, it crumbles to dust.
Your body is wracked with pain!
* * * LOW HITPOINT WARNING * * *
It was a scroll of torment.
As you read the scroll labelled BUATTO WIROZ, it crumbles to dust.
You feel aware of your surroundings.
You sensed 2 altars, and 1 shop/portal.
It was a scroll of magic mapping.
An orc wizard comes into view. It is wielding a +0 dagger.
The orc wizard shouts!
You hear a shout! x2
An orc comes into view. It is wielding a +0 flail.
The orc shouts!
An orc comes into view. It is wielding a +0 morningstar.
Found a scroll of identify.
You slash the orc wizard!
The orc wizard is severely wounded.
The orc wizard hits you but does no damage.
You barely miss the orc wizard.
The orc wizard is severely wounded.
You hear the slow rusting of a very distant drain.
The orc wizard hits you with a +0 dagger.
* * * LOW HITPOINT WARNING * * *
You closely miss the orc wizard.
The orc wizard is severely wounded.
You hit the orc. You block the orc wizard's attack.
The orc hits you with a +0 flail!
* * * LOW HITPOINT WARNING * * *
You slash the orc wizard!
You kill the orc wizard!
You barely miss the orc. The orc barely misses you.
The orc hits you with a +0 flail.
You die...

*** ***,, *≈*,, ######## ****,,
***** #......# **,,,,, ,,,,**
#......# *,,,,,_ ,,*,,*
#......##########.,,,,, *,,,,**
#......§§§.§§.....***,,
*,,,,,****#....o@§§§§§§...#**≈*,,
,**,,,,,,*#....o..§..§§...# ***,,
,,,,,,,*,*#......§§§§.§$..#* *,,,
**,**,,*,*#......#.§§......#**,,,
*,,,,,,,*#).....#..........,,,,,
*****,*,,..#..####..........*****
,,,,*,*.......#*,......####.*
,,,,*..........,...#..## *,*
,,,,*##....#....,,*,,,,** *,*


You could see 2 orcs.

Vanquished Creatures
  An orc wizard (D:3)
  A gnoll (D:2)
  An adder (D:2)
  A worm (D:2)
  2 dart slugs
  4 orcs (D:3)
  3 endoplasms (D:1)
  A giant cockroach (D:3)
  5 goblins (D:1)
  6 hobgoblins
  4 jackals (D:1)
  9 kobolds
  2 quokkas
  A ball python (D:1)
  A bat (D:1)
  4 frilled lizards (D:1)
  3 rats
  A spectral kobold (D:1)
50 creatures vanquished.

Notes
Turn   | Place    | Note
-------+----------+-------------------------------------------
     0 | D:1      | gohu the Minotaur Fighter began the quest for the Orb.
     0 | D:1      | Reached XP level 1. HP: 19/19 MP: 0/0
   185 | D:1      | Reached XP level 2. HP: 21/27 MP: 1/1
   547 | D:1      | Found a faded altar of an unknown god.
   731 | D:1      | Reached XP level 3. HP: 29/33 MP: 2/2
   761 | D:1      | Found Ykiqaa's Armour Shop.
  1543 | D:3      | Reached XP level 4. HP: 38/40 MP: 3/3
  1609 | D:3      | HP: 2/40 [orc/+0 flail (7)]
  1614 | D:3      | Slain by an orc

Illustrated notes

Levels and vault maps discovered:
D:1:      minmay_arrival_wavy_path, layout_basic,
          dreamdust_ecumenical_altar_drowned_temple, serial_shops,
          shop_fountains, minmay_tiny_reverse_x
D:2:      layout_rooms
D:3:      minmay_angry_zag, layout_rooms, nicolae_qazlal_style_of_elements,
          lemuel_zombie_altar_kikubaaqudgha, gup_sewer_entry_bubbles,
          grunt_ministairs_3, uniq_terence

Skill      XL: |  1  2  3 |
---------------+----------+-----
Armour         | 4 |  4.3
Axes           | 3 4 |  4.9
Fighting       | 4 |  4.1
Shields        | |  3.7

Action                   |  1- 3 |  4- 6 || total
-------------------------+-------+-------++-------
Melee: War axe           |    94 |     9 ||   103
       Headbutt          |    12 |     1 ||    13
  Use: Scroll            |       |     5 ||     5
Armor: Scale mail        |    39 |     2 ||    41
Dodge: Dodged            |    62 |     2 ||    64
Block: Buckler           |    21 |     5 ||    26
